 Dungeon Crawl Stone Soup version 0.31.0-12-g77e489cdc1 (webtiles) character file.

Game seed: 16465819525320504695

422 cdecastro the Ruffian (level 6, -2/47 HPs)
             Began as a Draconian Shapeshifter on Feb 17, 2024.
             Slain by a hound (3 damage)
             ... on level 4 of the Dungeon.
             The game lasted 00:05:34 (3885 turns).

cdecastro the Ruffian (Draconian Shapeshifter)      Turns: 3885, Time: 00:05:35

Health: -2/47      AC: -2    Str: 16    XL:     6   Next: 63%
Magic:  0/6        EV: 12    Int: 10    God:
Gold:   255        SH:  0    Dex: 13    Spells: 5/5 levels left

rFire   . .          .
                       - Unarmed
rCold   . . .        (no shield)
rNeg    . . .        (body armour unavailable)
rPois   +            (helmet currently unavailable)
rElec   .            (cloak currently unavailable)
rCorr   .            (gloves currently unavailable)
SInv    .            (boots currently unavailable)
Will    .....        f - amulet of guardian spirit
Stlth   +            h - ring of poison resistance
HPRegen 0.27/turn    (no ring)
MPRegen 0.10/turn

%: guardian spirit
@: beast-form, corroded
A: beast (slay +2), AC +6, unfitting armour, cold-blooded
a: Begin Untransformation


You were on level 4 of the Dungeon.
You were a hulking beast.
You visited 1 branch of the dungeon, and saw 5 of its levels.

You collected 255 gold pieces.

Inventory:

Hand Weapons
 x - the +4 whip of Nice Courage {pain, rF+}
   (You found it on level 3 of the Dungeon)

   rF+:       It protects you from fire.
Missiles
 i - 2 javelins (quivered)
Jewellery
 f - an amulet of guardian spirit (around neck)
 h - a ring of poison resistance (left hand)
 l - the amulet of Ethics {RegenMP rPois}
   (You found it on level 2 of the Dungeon)

   [amulet of magic regeneration]

   RegenMP:   It increases your rate of magic regeneration.
   rPois:     It protects you from poison
 p - a ring of magical power
 r - a +6 ring of intelligence
 u - a +6 ring of intelligence
Talismans
 b - a beast talisman
 c - a flux talisman
Wands
 y - a wand of charming (7)
Scrolls
 e - a scroll of identify
 g - a scroll of blinking {unknown}
 j - a scroll of noise {unknown}
 k - 2 scrolls of vulnerability {unknown}
 n - a scroll of teleportation {unknown}
 o - 2 scrolls of fear {unknown}
 s - a scroll of enchant weapon {unknown}
 t - a scroll of amnesia {unknown}
 v - a scroll of revelation {unknown}
Potions
 a - a potion of might {unknown}
 d - a potion of degeneration
 q - a potion of haste
 z - a potion of mutation {unknown}


   Skills:
 - Level 1.1 Fighting
 - Level 1.7 Dodging
 * Level 6.4 Unarmed Combat
 + Level 4.7 Shapeshifting


You had 5 spell levels left.
You didn't know any spells.
Your spell library contained the following spells:

 Spells                   Type           Power      Damage    Failure   Level
 Slow                     Hex            0%         N/A       36%         1
 Summon Small Mammal      Summ           0%         N/A       36%         1
 Scorch                   Fire           0%         2d5       50%         2
 Call Canine Familiar     Summ           0%         N/A       75%         3
 Confusing Touch          Hex            0%         N/A       75%         3
 Dazzling Flash           Conj/Hex       0%         N/A       75%         3
 Sigil of Binding         Hex            0%         N/A       75%         3
 Vampiric Draining        Necr           0%         2d6       75%         3
 Volatile Blastmotes      Fire/Tloc      0%         2d10      75%         3
 Flame Wave               Conj/Fire      0%         2d4       98%         4
 Summon Blazeheart Golem  Fire/Summ      0%         N/A       98%         4
 Starburst                Conj/Fire      0%         6d3       100%        6
 Summon Cactus Giant      Summ           0%         N/A       100%        6
 Maxwell's Capacitive Co  Air            0%         ∞         100%        8


Dungeon Overview and Level Annotations

Branches:
Dungeon (5/15)
 Temple: D:4-7

Altars:
Zin
The Shining One

Annotations:
D:4 Edmund


Innate Abilities, Weirdness & Mutations

You are a hulking beast.
Your limbs bulge with bestial killing power. (Slay +2)
Your plain brown scales are hard. (AC +6)
You cannot fit into any form of body armour.
You are cold-blooded and may be slowed by cold attacks.


Message History

The hound misses you.
You punch the hound!
Your tail-slap misses the hound.
The hound is heavily wounded.
The hound bites you.
* * * LOW HITPOINT WARNING * * *
The hound bites you.
* * * LOW HITPOINT WARNING * * *
You feel better.
The hound stops to sniff the ground.
The hound misses you. The hound barely misses you.
You feel better. The hound bites you.
* * * LOW HITPOINT WARNING * * *
The hound closely misses you. The hound bites you.
* * * LOW HITPOINT WARNING * * *
The hound attacks as it pursues you! The hound bites you.
* * * LOW HITPOINT WARNING * * *
The hound closely misses you. The hound bites you.
* * * LOW HITPOINT WARNING * * *
The hound bites you.
* * * LOW HITPOINT WARNING * * *
The hound attacks as it pursues you! The hound bites you.
* * * LOW HITPOINT WARNING * * *
The hound barely misses you. The hound attacks as it pursues you!
The hound bites you.
* * * LOW HITPOINT WARNING * * *
Okay, then.
Unknown command.
You hit the hound but do no damage.
The hound is heavily wounded.
The hound closely misses you. The hound misses you.
You hit the hound.
The hound is severely wounded.
The hound bites you.
* * * LOW HITPOINT WARNING * * *
You closely miss the hound.
The hound is severely wounded.
The hound bites you.
You die...

## #........†..# .#
#.#########.## .####### #.#
##.#.# .'.#...# #.# ####(###.
.#...#.### #.# #.(.## ##
.#...#...###### #.# ##.##.###.
##.#####......# ##.###.#.##.#.#
.#)..#......#.#####...#.###.##.##
.#.#.#.####.#...hh.....## ##.#.##
.#.#...# #.#######...#.###.##.##
.#.##.## #.# ##.###.#.###.##
.#.##.# #.# #.####.####.##
...##.# #.# #####...........##
...##.# #.# #<........#######
...##.# #.# #.#######.##
..###.#####.# #.# ##...## .##
#.....#.####.#####.(#..######


You could see a hound.

Vanquished Creatures
  Grinder (D:3)
  A bombardier beetle (D:3)
  A hound (D:4)
  An orc priest (D:4)
  An orc wizard (D:4)
  3 adders
  A dart slug (D:4)
  11 orcs
  2 bats (D:1)
  8 endoplasms
  2 giant cockroaches
  7 goblins
  5 hobgoblins
  7 jackals
  5 quokkas
  6 ball pythons
  3 frilled lizards
  4 kobolds
  3 rats
72 creatures vanquished.

Notes
Turn   | Place    | Note
-------+----------+-------------------------------------------
     0 | D:1      | cdecastro the Draconian Shapeshifter began the quest for
                  | the Orb.
     0 | D:1      | Reached XP level 1. HP: 16/16 MP: 1/1
   213 | D:1      | Reached XP level 2. HP: 23/23 MP: 2/2
   213 | D:1      | You fall into a shaft and drop 1 floor!
  1289 | D:2      | Identified the amulet of Ethics {RegenMP rPois}
  1472 | D:2      | Reached XP level 3. HP: 28/28 MP: 3/3
  2025 | D:3      | Reached skill level 4 in Unarmed Combat
  2345 | D:3      | Reached XP level 4. HP: 29/35 MP: 2/4
  2464 | D:3      | Identified the +4 whip of Nice Courage {pain, rF+}
  2471 | D:3      | Noticed Grinder
  2478 | D:3      | Paralysed by Grinder for 5 turns
  2489 | D:3      | Paralysed by Grinder for 4 turns
  2498 | D:3      | Paralysed by Grinder for 5 turns
  2514 | D:3      | Killed Grinder
  2515 | D:3      | Reached skill level 5 in Unarmed Combat
  2515 | D:3      | Reached XP level 5. HP: 40/40 MP: 5/5
  2515 | D:3      | Reached XP level 6. HP: 47/47 MP: 6/6
  3001 | D:4      | Reached skill level 6 in Unarmed Combat
  3306 | D:4      | Noticed Edmund
  3453 | D:4      | Found a glowing golden altar of the Shining One.
  3777 | D:5      | Entered Level 5 of the Dungeon
  3813 | D:5      | Found a glowing silver altar of Zin.
  3866 | D:4      | HP: 2/47 [hound (5)]
  3882 | D:4      | HP: 2/47 [hound (5)]
  3885 | D:4      | Slain by a hound

Illustrated notes

Levels and vault maps discovered:
D:1:      onia_arrival_mini_maze, layout_loops_corners
D:2:      layout_basic
D:3:      layout_loops_corners, minmay_misc_feat_pillars, uniq_grinder
D:4:      layout_loops_ring, kennysheep_little_box, uniq_edmund
D:5:      layout_rooms, mainiacjoe_overflow_alcove_2, chei_slow_surprise,
          uniq_crazy_yiuf_cottage

Skill      XL: |  1  2  3  4  5  6 |
---------------+-------------------+-----
Unarmed Combat | 4 5 6 |  6.4
Shapeshifting  | 4 |  4.7
Fighting       | |  1.1
Dodging        | |  1.7

Action                     |  1- 3 |  4- 6 || total
---------------------------+-------+-------++-------
  Melee: Unarmed           |    92 |   113 ||   205
         Tailslap          |     7 |     9 ||    16
         Punch             |       |     4 ||     4
    Use: Potion            |       |     4 ||     4
         Scroll            |       |     4 ||     4
   Stab: Sleeping          |     1 |     1 ||     2
 Armour: Skin              |    45 |    72 ||   117
  Dodge: Dodged            |    50 |    58 ||   108
